 Dungeon Crawl Stone Soup version 0.29.1-12-g30fa7ad0bf (webtiles) character file.

Game seed: 4479000283165408647

5196 Peloso the Carver (level 10, -1/86 HPs)
             Began as a Minotaur Fighter on Dec 26, 2022.
             Was a Believer of Okawaru.
             Killed by the air
             ... invoked by Gastronok
              (17 damage)
             ... on level 9 of the Dungeon.
             The game lasted 00:15:55 (10303 turns).

Peloso the Carver (Minotaur Fighter)               Turns: 10303, Time: 00:15:55

Health: -1/86      AC: 13    Str: 30    XL:     10   Next: 34%
Magic:  9/9        EV: 12    Int:  5    God:    Okawaru [**....]
Gold:   367        SH:  6    Dex: 11    Spells: 9/9 levels left

rFire   . . .      SeeInvis .   a - +5 falchion
rCold   . . .      Faith    .   c - +1 buckler
rNeg    . . .      Spirit   .   F - +0 scale mail
rPois   .          Reflect  .   g - +2 hood of the Assassin {Detection Stab+ Stlth++}
rElec   .          Harm     .   n - +0 cloak
rCorr   .          Rampage  .   (no gloves)
Will    .....                   D - +0 pair of boots
Stlth   +++.......              (no amulet)
HPRegen 0.24/turn               j - ring of flight
MPRegen 0.11/turn               x - +6 ring of strength

@: flying
A: horns 2, retaliatory headbutt
a: Renounce Religion, Heroism


You were on level 9 of the Dungeon.
You worshipped Okawaru.
Okawaru was pleased with you.
You visited 2 branches of the dungeon, and saw 10 of its levels.

You collected 367 gold pieces.

Inventory:

Hand Weapons
 a - a +5 falchion (weapon)
 b - a +2 long sword
Armour
 c - a +1 buckler (worn)
 g - the +2 hood of the Assassin (worn) {Detection Stab+ Stlth++}
   (You acquired it on level 2 of the Dungeon)

   It allows the wearer to sense nearby creatures.
   It allows the wearer to make particularly effective stabbing attacks against
   helpless or unaware enemies with any weapon.
   Stlth:     It makes you much more stealthy.
 n - a +0 cloak (worn)
 D - a +0 pair of boots (worn)
 F - a +0 scale mail (worn)
Jewellery
 j - a ring of flight (left hand)
 s - a +6 ring of intelligence
 u - a ring of wizardry
 x - a +6 ring of strength (right hand)
 H - an amulet of faith
Wands
 l - a wand of acid (3)
 r - a wand of flame (29)
 y - a wand of polymorph (13)
 I - a wand of digging (6)
Scrolls
 d - 5 scrolls of poison {unknown}
 h - a scroll of acquirement
 k - a scroll of enchant armour
 o - a scroll of fog
 q - 3 scrolls of teleportation
 A - a scroll of magic mapping
 E - a scroll of blinking {unknown}
 G - a scroll of silence {unknown}
Potions
 e - 8 potions of curing
 f - 2 potions of haste
 i - a potion of heal wounds
 m - 2 potions of brilliance {unknown}
 p - a potion of attraction {unknown}
 t - a potion of invisibility {unknown}
 v - a potion of berserk rage {unknown}
 w - a potion of mutation {unknown}
 z - a potion of ambrosia {unknown}
 B - a potion of might
 C - a potion of resistance {unknown}


   Skills:
 + Level 7.0 Fighting
 + Level 10.8 Long Blades
 + Level 9.7 Armour
 + Level 5.1 Dodging
 + Level 4.0 Stealth
 + Level 7.7 Shields


You had 9 spell levels left.
You didn't know any spells.
Your spell library contained the following spells:

 Spells                   Type           Power      Damage    Failure   Level
 Beastly Appendage        Tmut           0%         N/A       77%         1
 Poisonous Vapours        Pois/Air       0%         N/A       88%         2
 Sublimation of Blood     Necr           0%         N/A       88%         2
 Wereblood                Tmut           0%         N/A       88%         2
 Spider Form              Tmut/Pois      0%         N/A       98%         3
 Corpse Rot               Necr/Pois/Air  0%         N/A       100%        4
 Hailstorm                Conj/Ice       0%         3d3       100%        4
 Ice Form                 Ice/Tmut       0%         N/A       100%        4
 Petrify                  Tmut/Erth      0%         N/A       100%        4
 Irradiate                Conj/Tmut      0%         3d11      100%        5
 Simulacrum               Ice/Necr       Unusable   N/A       N/A         6

Dungeon Overview and Level Annotations

Branches:
Dungeon (9/15)             Temple (1/1) D:6
   Lair: D:8-11         Orc: D:9-12

Altars:
Ashenzari
Cheibriados
Dithmenos
Elyvilon
Gozag
Hepliaklqana
Kikubaaqudgha
Makhleb
Nemelex Xobeh
Okawaru
Qazlal
Ru
Sif Muna
Trog
Uskayaw
Vehumet
Wu Jian
Xom
Yredelemnul
Zin
The Shining One

Shops:
D:5 (   D:7 [   D:8 :

Annotations:
D:9 Gastronok


Innate Abilities, Weirdness & Mutations

You have a pair of horns on your head.
You reflexively headbutt those who attack you in melee.


Message History

The river rat bites you but does no damage.
You hit Gastronok.
Gastronok is heavily wounded.
The quokka misses you. Gastronok bites you but does no damage.
Unknown command.
You slash Gastronok!
You headbutt Gastronok, but do no damage.
Gastronok is severely wounded.
The river rat closely misses you.
The quokka bites you but does no damage.
You hit Gastronok. You headbutt Gastronok!
Gastronok is severely wounded.
The quokka completely misses you. You furiously retaliate!
You headbutt the quokka!
You kill the quokka!
The quokka's corpse disappears in a puff of smoke!
You block the river rat's attack.
You hit Gastronok but do no damage.
Gastronok is severely wounded.
Gastronok bites you!! The river rat bites you.
Unknown command.
You slash Gastronok!
Gastronok is almost dead.
You block the river rat's attack.
Unknown command.
You hit Gastronok.
Gastronok is almost dead.
Gastronok waves his eye-stalks in wide circles.
The air twists around and strikes you!!!
* * * LOW HITPOINT WARNING * * *
Unknown command.
You hit Gastronok.
Gastronok is almost dead.
The river rat closely misses you.
You hit Gastronok.
Gastronok is almost dead.
You block the river rat's attack.
Gastronok waves his eye-stalks in wide circles.
The air twists around and strikes you!
You die...

#. ##### #.# #..!#
#.# ###.<.### #.#
#.......# #.#
#.......# #.#
#....(..# #.#######
#.w@.#.#####........
#.#..r#.##....#######
##...............#
#........##.####.#
############# ##.##
#...# #.... #...#
#...[


You could see Gastronok (swift) and a river rat (summoned).

Vanquished Creatures
  A wraith (D:8)
  A shadow (D:9)
  A basilisk (D:9)
  5 yaks (D:8)
  A steam dragon (D:5)
  An acid dragon (D:9)
  Duvessa (D:7)
  Edmund (D:6)
  A water moccasin (D:6)
  An orc warrior (D:8)
  2 ice beasts
  2 ogres
  A black bear (D:7)
  3 centaurs
  2 phantoms
  2 bullfrogs
  3 kobold brigands
  4 scorpions
  A necrophage (D:6)
  15 wights
  Dowan (D:7)
  4 killer bees (D:8)
  2 hounds
  4 orc priests
  4 jellies
  2 gnoll boudas
  2 iguanas
  Natasha (thrice) (D:2)
  5 orc wizards
  13 gnolls
  10 adders
  3 white imps
  2 ufetubi
  4 dart slugs
  17 orcs
  5 endoplasms
  2 giant cockroaches (D:2)
  11 goblins
  6 hobgoblins
  2 jackals (D:1)
  13 kobolds
  A quokka (D:3)
  4 ball pythons
  4 bats
  A frilled lizard (D:1)
  2 rats (D:2)
176 creatures vanquished.

Vanquished Creatures (others)
  An orc wizard (D:8)
  3 fungi (D:7)
  A plant (D:6)
5 creatures vanquished.

Grand Total: 181 creatures vanquished

Notes
Turn   | Place    | Note
-------+----------+-------------------------------------------
     0 | D:1      | Peloso the Minotaur Fighter began the quest for the Orb.
     0 | D:1      | Reached XP level 1. HP: 19/19 MP: 0/0
   246 | D:1      | Reached XP level 2. HP: 26/27 MP: 1/1
   568 | D:1      | You fall into a shaft and drop 1 floor!
   764 | D:2      | Reached XP level 3. HP: 33/33 MP: 2/2
   781 | D:2      | Noticed Natasha
   786 | D:2      | Killed Natasha
   787 | D:2      | Reached skill level 3 in Long Blades
   944 | D:2      | Noticed Natasha
   949 | D:2      | Killed Natasha
   950 | D:2      | Reached XP level 4. HP: 29/40 MP: 3/3
   956 | D:2      | Noticed Natasha
   962 | D:2      | Killed Natasha
  1552 | D:2      | Identified 2 scrolls of acquirement
  1552 | D:2      | Acquired the +2 hood of the Assassin {Detection Stab+
                  | Stlth++}
  1552 | D:2      | Found the +2 hood of the Assassin {Detection Stab+ Stlth++}
  2120 | D:3      | Reached XP level 5. HP: 43/47 MP: 4/4
  2266 | D:2      | Reached skill level 4 in Long Blades
  2372 | D:3      | Reached skill level 5 in Armour
  2913 | D:3      | Found a shadowy altar of Dithmenos.
  3176 | D:4      | Reached skill level 1 in Dodging
  3395 | D:4      | Reached XP level 6. HP: 53/53 MP: 5/5
  3662 | D:4      | Noticed an air elemental
  3666 | D:4      | Found a stormy altar of Qazlal.
  3670 | D:4      | Noticed a water elemental
  3670 | D:4      | Noticed a fire elemental
  3680 | D:4      | Reached skill level 5 in Long Blades
  3756 | D:4      | Reached skill level 1 in Stealth
  4162 | D:4      | Reached XP level 7. HP: 47/60 MP: 6/6
  4352 | D:5      | Entered Level 5 of the Dungeon
  4371 | D:5      | Reached skill level 5 in Fighting
  4371 | D:5      | Reached skill level 5 in Shields
  4489 | D:5      | Noticed a steam dragon
  4496 | D:5      | Killed a steam dragon
  4497 | D:5      | Reached skill level 6 in Long Blades
  4731 | D:5      | Found a glowing silver altar of Zin.
  4828 | D:5      | Found Gackia's Weapon Boutique.
  4902 | D:5      | Reached XP level 8. HP: 55/68 MP: 7/7
  5322 | D:6      | Reached skill level 7 in Long Blades
  5471 | D:6      | Found a burning altar of Makhleb.
  5573 | D:6      | Found a staircase to the Ecumenical Temple.
  5592 | Temple   | Entered the Ecumenical Temple
  5592 | Temple   | Found a transporter.
  5592 | Temple   | Found a transporter.
  5596 | Temple   | Found a transporter.
  5596 | Temple   | Found a transporter.
  5680 | D:6      | Reached skill level 8 in Long Blades
  6010 | D:6      | Noticed Edmund
  6029 | D:6      | Killed Edmund
  6520 | D:6      | Reached XP level 9. HP: 50/72 MP: 8/8
  7212 | D:7      | Noticed Duvessa
  7232 | D:7      | Noticed Dowan
  7236 | D:7      | Killed Duvessa
  7453 | D:7      | Found Aclijaibb's Armour Shop.
  7472 | D:7      | Reached skill level 9 in Long Blades
  7474 | D:7      | Killed Dowan
  7930 | D:7      | Found a glowing golden altar of the Shining One.
  8135 | D:7      | Found an iron altar of Okawaru.
  8142 | D:7      | Found an ornate altar of the Wu Jian Council.
  8149 | D:7      | Became a worshipper of Warmaster Okawaru
  8518 | D:8      | Reached skill level 10 in Long Blades
  8529 | D:8      | Reached * piety under Okawaru
  8543 | D:8      | Reached XP level 10. HP: 39/84 MP: 9/9
  8904 | D:8      | Found Telysig's Book Boutique.
  8955 | D:8      | Reached ** piety under Okawaru
  9334 | D:8      | Found a radiant altar of Vehumet.
  9554 | D:9      | Reached skill level 5 in Dodging
 10280 | D:9      | Noticed Gastronok
 10303 | D:9      | Killed from afar by Gastronok

Illustrated notes

Levels and vault maps discovered:
D:1:      dpeg_arrival_arbitrary_c, layout_loops_corners
D:2:      layout_basic, uniq_natasha
D:3:      layout_basic, nicolae_dithmenos_through_a_glass_darkly,
          nicolae_elevator_lobby_plus
D:4:      layout_loops_cross, nicolae_qazlal_style_of_elements,
          minmay_misc_feat_cross, chequers_serial_rivers_room_b,
          minmay_distorted
D:5:      layout_cave_pools, zin_treasury, serial_shops, shop
D:6:      layout_gridville, makhleb_heckhound_becter,
          minmay_temple_entry_gardened_gates, minmay_door_square, uniq_edmund
D:7:      layout_rooms, tso_altar, mainiacjoe_overflow_big_doors, serial_shops,
          shop_statue, minmay_misc_feat_encased, minmay_fountain_box,
          uniq_duvessa
D:8:      layout_basic, vehumet_altar_wand_db, serial_shops,
          kennysheep_mini_moat
D:9:      layout_loops_ring, fedhas_altar_fruit_tree,
          chequers_serial_rivers_micro_c, minmay_bent, uniq_gastronok,
          uniq_maggie
Temple:   hellmonk_temple_divided_pantheon

Skill      XL: |  1  2  3  4  5  6  7  8  9 10 |
---------------+-------------------------------+-----
Fighting       | 4 5 6 7 |  7.0
Shields        | 4 5 7 |  7.7
Armour         | 4 5 6 8 9 |  9.7
Long Blades    | 3 4 5 6 8 10 | 10.8
Dodging        | 1 2 3 4 5 |  5.1
Stealth        | 1 2 3 4 |  4.0

Action                   |  1- 3 |  4- 6 |  7- 9 | 10-12 || total
-------------------------+-------+-------+-------+-------++-------
Melee: Long sword        |    43 |   130 |   164 |       ||   337
       Headbutt          |    10 |    20 |    76 |    26 ||   132
       Falchion          |       |       |   178 |   106 ||   284
Invok: Heroism           |       |       |       |     1 ||     1
  Use: Scroll            |       |     6 |     5 |     1 ||    12
       Potion            |       |       |     1 |       ||     1
 Stab: Sleeping          |       |     5 |     8 |     4 ||    17
Armor: Scale mail        |    18 |    50 |   138 |    63 ||   269
       Skin              |       |       |     9 |       ||     9
Dodge: Dodged            |    20 |    47 |   155 |    58 ||   280
Block: Buckler           |    13 |    45 |   104 |    33 ||   195
